 Dungeon Crawl Stone Soup version 0.31.0-9-g3a7656b989 (webtiles) character file.

Game seed: 230104439102878616

6881 GordonOverkill the Grappler (level 11, -2/92 HPs)
             Began as a Ghoul Summoner on Jan 26, 2024.
             Was a Believer of Makhleb.
             Killed from afar by a rime drake (9 damage)
             ... with an icy flash freeze
             ... on level 10 of the Dungeon.
             The game lasted 00:24:18 (11857 turns).

GordonOverkill the Grappler (Ghoul Summoner)       Turns: 11857, Time: 00:24:18

Health: -2/92      AC: 19    Str: 20    XL:     11   Next: 6%
Magic:  0/14       EV:  6    Int: 19    God:    Makhleb [**....]
Gold:   144        SH:  0    Dex:  9    Spells: 12/13 levels left

rFire   . .          .
                       - Unarmed
rCold   + . .        (no shield)
rNeg    + + +        y - +0 plate armour
rPois   ∞            (no helmet)
rElec   .            m - +2 cloak
rCorr   .            p - +2 pair of gloves
SInv    +            (no boots)
Will    +....        a - amulet of guardian spirit Stlth
                     s - ring of Wonder {rPois Str+3 Int+5 SInv}
HPRegen 0.00/turn    w - ring of willpower
MPRegen 0.14/turn

%: guardian spirit
@: inhibited regen
A: claws 1, cold resistance 1, negative energy resistance 3, inhibited
regeneration, torment resistance 2, devour on kill
a: Renounce Religion, Minor Destruction


You were on level 10 of the Dungeon.
You worshipped Makhleb.
Makhleb was pleased with you.
You visited 2 branches of the dungeon, and saw 11 of its levels.
You also visited: Bailey.

You collected 418 gold pieces.
You spent 274 gold pieces at shops.

Inventory:

Hand Weapons
 b - a +6 dagger of venom
Missiles
 f - 29 poisoned darts (quivered)
 n - 7 boomerangs
 x - a curare-tipped dart
Armour
 m - a +2 cloak (worn)
 p - a +2 pair of gloves (worn)
 y - a +0 plate armour (worn)
Jewellery
 a - an amulet of guardian spirit (around neck)
 s - the ring of Wonder (left hand) {rPois Str+3 Int+5 SInv}
   (You found it on level 8 of the Dungeon)

   [ring of see invisible]

   Str+3:     It affects your strength (+3).
   Int+5:     It affects your intelligence (+5).
   rPois:     It protects you from poison SInv: It lets you see invisible.
 u - a ring of fire
 v - an amulet of faith
 w - a ring of willpower (right hand)
Wands
 h - a wand of roots (5)
 l - a wand of polymorph (13)
 o - a wand of digging (5)
 A - a wand of flame (10)
Scrolls
 d - 2 scrolls of identify
 g - 3 scrolls of poison
 i - a scroll of teleportation
 k - 2 scrolls of amnesia
 q - 5 scrolls of fog
 t - a scroll of vulnerability
 z - a scroll of fear
Potions
 c - a potion of brilliance
 e - 2 potions of attraction
 j - a potion of haste
 r - 2 potions of mutation


   Skills:
 - Level 7.0 Fighting
 - Level 6.0 Armour
 - Level 1.7 Dodging
 - Level 2.1 Stealth
 + Level 13.4 Unarmed Combat
 - Level 1.7 Spellcasting
 - Level 3.6 Summonings
 - Level 5.0 Invocations
 - Level 3.0 Evocations


You had 12 spell levels left.
You knew the following spells:

 Your Spells              Type           Power      Damage    Failure   Level
a - Summon Small Mammal   Summ           60%        N/A       67%         1

Your spell library contained the following spells:

 Spells                   Type           Power      Damage    Failure   Level
 Call Imp                 Summ           30%        N/A       80%         2
 Call Canine Familiar     Summ           15%        N/A       95%         3
 Freeze                   Ice            4%         1d3       99%         1
 Scorch                   Fire           2%         2d5       99%         2
 Summon Ice Beast         Ice/Summ       8%         N/A       99%         3
 Dazzling Flash           Conj/Hex       2%         N/A       100%        3
 Frozen Ramparts          Ice            2%         1d1       100%        3
 Hailstorm                Conj/Ice       1%         3d5       100%        3
 Sigil of Binding         Hex            1%         N/A       100%        3
 Volatile Blastmotes      Fire/Tloc      2%         2d10      100%        3
 Dimensional Bullseye     Hex/Tloc       0%         N/A       100%        4
 Flame Wave               Conj/Fire      1%         2d4       100%        4
 Fulminant Prism          Conj/Alch      0%         3d5       100%        4
 Iskenderun's Mystic Bla  Conj/Tloc      1%         2d3       100%        4
 Passage of Golubria      Tloc           1%         N/A       100%        4
 Summon Blazeheart Golem  Fire/Summ      8%         N/A       100%        4
 Summon Lightning Spire   Summ/Air       8%         N/A       100%        4
 Alistair's Intoxication  Alch           0%         N/A       100%        5
 Borgnjor's Vile Clutch   Necr/Erth      0%         N/A       100%        5
 Silence                  Hex/Air        0%         N/A       100%        5
 Eringya's Noxious Bog    Alch           0%         4d6       100%        6
 Sculpt Simulacrum        Ice/Alch       0%         N/A       100%        6
 Starburst                Conj/Fire      0%         6d3       100%        6
 Summon Cactus Giant      Summ           7%         N/A       100%        6
 Lehudib's Crystal Spear  Conj/Erth      0%         10d2      100%        8
 Maxwell's Capacitive Co  Air            0%         ∞         100%        8


Dungeon Overview and Level Annotations

Branches:
Dungeon (10/15)            Temple (1/1) D:5          Bailey (visited)
   Lair: D:8-11         Orc: D:9-12

Altars:
Ashenzari
Cheibriados
Dithmenos
Fedhas
Gozag
Hepliaklqana
Kikubaaqudgha
Makhleb
Nemelex Xobeh
Okawaru
Qazlal
Ru
Sif Muna
Trog
Uskayaw
Vehumet
Wu Jian
Xom
Yredelemnul

Shops:
D:1 :   D:2 *   D:3 [   D:5 *   D:6 [   D:10 *=

Annotations:
D:3 1 runed translucent door, crabbyslav's ghost, amateur OnBe


Innate Abilities, Weirdness & Mutations

You are immune to poison.
You have sharp fingernails.
Your flesh is cold resistant. (rC+)
You are immune to negative energy. (rN+++)
You do not regenerate when monsters are visible.
You are immune to unholy pain and torment.
You thrive by killing the living.


Message History

The troll is moderately wounded.
The troll bites you but does no damage.
The troll claws you but does no damage. x2
You closely miss the troll.
The troll is moderately wounded.
You hit the troll but do no damage.
The troll is moderately wounded.
The troll bites you.
* * * LOW HITPOINT WARNING * * *
The troll claws you!
* * * LOW HITPOINT WARNING * * *
The troll claws you but does no damage.
You punch the troll!
The troll is heavily wounded.
The troll bites you but does no damage. The troll barely misses you.
The troll claws you but does no damage.
You hit the troll but do no damage.
The troll is heavily wounded.
You hit the troll.
The troll is heavily wounded.
The ice encasing you melts away. The troll bites you.
* * * LOW HITPOINT WARNING * * *
The troll claws you but does no damage. The troll claws you.
* * * LOW HITPOINT WARNING * * *
You closely miss the troll.
The troll is heavily wounded.
The troll bites you but does no damage.
The troll claws you but does no damage. x2
You pummel the troll!!
The troll is almost dead.
The troll bites you!
* * * LOW HITPOINT WARNING * * *
The troll claws you but does no damage. The troll claws you!
* * * LOW HITPOINT WARNING * * *
You punch the troll!
You kill the troll!
Makhleb accepts your kill.
The troll leather armour is intact enough to wear.
The rime drake breathes ice at you. The icy flash freeze hits you!
You partially resist.
You die...

...# #....~. #.
##Y#.#......# .. ## #
#...Y.#....# ... #. ##
............. ....#. #.
..~.#......# ...#.####
...........# .....##
.........~# #####.#.##
##.....#Y########........†.
#.#.##..k[@........####..##
.....#####..####..#......#
# ###[#####..####..#.##...#
#.##........#.........#
#........##...#######..
#........# ### ♣♣♣ ##.
##.#.#.#.... ♣♣∩♣♣ #.
#.#.#.##### #♣...♣##.
#.#.#.# ####..⌠..#..


You could see a rime drake (catching breath) and an ice beast.

Vanquished Creatures
  A two-headed ogre (D:10)
  2 trolls (D:10)
  Grinder (D:4)
  A wraith (D:9)
  3 humans (Bailey)
  A wyvern (D:7)
  3 steam dragons
  Menkaure (D:7)
  Duvessa (D:5)
  A water moccasin (D:3)
  2 ice beasts (D:10)
  2 orc warriors
  2 ogres
  2 wolves (D:10)
  5 centaurs
  3 phantoms
  3 kobold brigands
  9 bullfrogs
  A gnoll sergeant (D:7)
  A scorpion (D:4)
  12 wights
  Dowan (D:5)
  15 killer bees
  2 howler monkeys (D:8)
  2 bombardier beetles (D:5)
  2 jellies
  A hound (D:6)
  3 orc priests
  Crazy Yiuf (D:4)
  2 iguanas
  5 orc wizards
  10 gnolls
  4 adders (D:2)
  A shadow imp (D:8)
  A white imp (D:7)
  3 ufetubi
  2 dart slugs
  13 orcs
  8 ball pythons
  6 endoplasms
  4 giant cockroaches
  7 goblins
  7 hobgoblins
  2 jackals (D:2)
  A quokka (D:2)
  5 bats (D:1)
  5 frilled lizards (D:1)
  21 kobolds
  A quokka zombie (D:5)
  6 rats
198 creatures vanquished.

Vanquished Creatures (collateral kills)
  A bullfrog (Bailey)
  A wight (D:6)
  A hound (D:4)
  A hobgoblin (Bailey)
  A goblin (D:7)
  A goblin zombie (D:5)
6 creatures vanquished.

Grand Total: 204 creatures vanquished

Notes
Turn   | Place    | Note
-------+----------+-------------------------------------------
     0 | D:1      | GordonOverkill the Ghoul Summoner began the quest for the
                  | Orb.
     0 | D:1      | Reached XP level 1. HP: 14/14 MP: 3/3
   114 | D:1      | Reached skill level 1 in Fighting
   218 | D:1      | Found Xeargh's Book Shoppe.
   229 | D:1      | Reached skill level 1 in Unarmed Combat
   318 | D:1      | Reached XP level 2. HP: 23/23 MP: 4/4
  1033 | D:1      | Reached XP level 3. HP: 29/29 MP: 5/5
  1104 | D:2      | Found a faded altar of an unknown god.
  1162 | D:2      | Reached skill level 2 in Unarmed Combat
  1423 | D:2      | Found Gydgh's Assorted Antiques.
  1430 | D:2      | Bought a cyan potion for 22 gold pieces
  1430 | D:2      | Bought a fuming inky potion for 22 gold pieces
  1430 | D:2      | Bought a sedimented puce potion for 22 gold pieces
  1522 | D:2      | Reached XP level 4. HP: 34/38 MP: 6/6
  1956 | D:3      | Found Oneogur's Armour Shop.
  1997 | D:3      | Reached skill level 3 in Unarmed Combat
  2023 | D:3      | Reached skill level 4 in Unarmed Combat
  2023 | D:3      | Reached XP level 5. HP: 23/45 MP: 7/7
  2031 | D:3      | Noticed a water moccasin
  2262 | D:3      | Killed a water moccasin
  2263 | D:3      | Reached skill level 5 in Unarmed Combat
  2263 | D:3      | Reached XP level 6. HP: 41/51 MP: 8/8
  2313 | D:3      | Noticed crabbyslav's ghost (amateur OnBe)
  2316 | D:3      | Found a runed translucent door.
  2520 | D:4      | Noticed Grinder
  2850 | D:4      | Reached skill level 6 in Unarmed Combat
  3348 | D:4      | Found an opulent altar of Gozag.
  3416 | D:4      | Paralysed by Grinder for 3 turns
  3422 | D:4      | Killed Grinder
  3423 | D:4      | Reached skill level 7 in Unarmed Combat
  3423 | D:4      | Reached XP level 7. HP: 35/59 MP: 7/9
  3650 | D:4      | Found a runed translucent door.
  3651 | D:4      | Noticed Crazy Yiuf
  3725 | D:4      | Killed Crazy Yiuf
  3920 | D:5      | Entered Level 5 of the Dungeon
  4355 | D:5      | Reached skill level 8 in Unarmed Combat
  4355 | D:5      | Reached skill level 1 in Armour
  4363 | D:5      | Reached XP level 8. HP: 66/66 MP: 7/10
  4575 | D:5      | Found a staircase to the Ecumenical Temple.
  4593 | Temple   | Entered the Ecumenical Temple
  4669 | Temple   | Became a worshipper of Makhleb the Destroyer
  4781 | D:5      | Noticed Duvessa
  4781 | D:5      | Noticed Dowan
  4812 | D:5      | Killed Duvessa
  4822 | D:5      | Killed Dowan
  5078 | D:5      | Found Rucragy's Assorted Antiques.
  5084 | D:5      | Bought a potion of curing for 78 gold pieces
  5084 | D:5      | Bought a scroll labelled HYEMECH PIZXEM for 26 gold pieces
  5084 | D:5      | Bought a scroll labelled DIOCUMEPES for 26 gold pieces
  5084 | D:5      | Bought a scroll labelled EFUOTU HUNE for 26 gold pieces
  5084 | D:5      | Bought a scroll labelled GIUMOARPH VYTEV for 26 gold pieces
  5084 | D:5      | Bought a scroll labelled HYEMECH PIZXEM for 26 gold pieces
  5644 | D:6      | Reached skill level 5 in Fighting
  6046 | D:6      | Reached skill level 9 in Unarmed Combat
  6329 | D:6      | Found Toemist's Antique Armour Shop.
  6521 | D:6      | Reached XP level 9. HP: 39/74 MP: 4/11
  6988 | D:6      | Reached skill level 10 in Unarmed Combat
  6988 | D:6      | Reached skill level 1 in Invocations
  7411 | D:7      | Found a flagged portal.
  7430 | D:7      | Reached * piety under Makhleb
  7450 | Bailey   | Entered a bailey
  7646 | Bailey   | Reached skill level 5 in Invocations
  7646 | Bailey   | Reached skill level 1 in Evocations
  8078 | Bailey   | Noticed Prince Ribbit
  8484 | D:7      | Reached XP level 10. HP: 9/83 MP: 2/13
  8490 | D:7      | Reached skill level 11 in Unarmed Combat
  9145 | D:7      | Noticed Menkaure
  9152 | D:7      | Killed Menkaure
  9389 | D:7      | Found a snail-covered altar of Cheibriados.
  9525 | D:8      | Reached skill level 12 in Unarmed Combat
  9764 | D:8      | Found a hide-covered altar of Uskayaw.
  9766 | D:8      | Found a radiant altar of Vehumet.
  9884 | D:8      | Reached ** piety under Makhleb
  9926 | D:8      | Reached skill level 5 in Armour
  9968 | D:8      | Identified the ring of Wonder {rPois Str+3 Int+5 SInv}
 11411 | D:10     | Entered Level 10 of the Dungeon
 11602 | D:10     | Found Jepreqas's Fire Supplies.
 11606 | D:10     | Noticed a two-headed ogre
 11618 | D:10     | Killed a two-headed ogre
 11702 | D:10     | Found Soceweis's Jewellery Shop.
 11742 | D:10     | Reached skill level 13 in Unarmed Combat
 11742 | D:10     | Reached XP level 11. HP: 81/92 MP: 11/14
 11857 | D:10     | Killed from afar by a rime drake

Illustrated notes

Levels and vault maps discovered:
D:1:      amcnicky_arrival_abandoned_market, layout_basic, serial_shops, shop,
          minmay_misc_feat_plants
D:2:      layout_basic, basic_ecumenical_altar, serial_shops, shop
D:3:      cheibrodos_old_hovel, layout_rooms, hellmonk_ghost_happy_afterlife,
          serial_shops, nicolae_shop_crystal
D:4:      layout_cave_pools, mainiacjoe_overflow_paths,
          mainiacjoe_overflow_alcove_2, uniq_crazy_yiuf_cottage, uniq_grinder
D:5:      layout_basic, minmay_temple_entry_waves, serial_shops, shop,
          enter_ossuary_4, minivault_14, minmay_checkerbox, uniq_duvessa
D:6:      layout_loops_ring, serial_shops, nicolae_shop_overgrown_old_shop
D:7:      layout_loops_ring, nicolae_overflow_hidden_temple, enter_bailey_5,
          serial_demonic, serial_demonic_c, serial_demonic_f, serial_demonic_e,
          serial_demonic_c, uniq_menkaure
D:8:      layout_gridville, grunt_temple_overflow_diamond
D:9:      layout_basic
D:10:     layout_loops_cross, hellmonk_lair_entry_icy, serial_shops,
          nicolae_shop_statue_plus, roderic_serpentine_path,
          hangedman_abyss_or_decor_jellyfish_corner, nicolae_shop_fire_sale
          [nicolae_sub_dead_trees]
Temple:   minmay_temple_bridge_d

Skill      XL: |  1  2  3  4  5  6  7  8  9 10 |
---------------+-------------------------------+-----
Fighting       | 1 2 3 4 5 6 7 |  7.0
Unarmed Combat | 1 2 4 5 7 8 9 10 13 | 13.4
Armour         | 2 4 6 |  6.0
Invocations    | 5 |  5.0
Evocations     | 3 |  3.0
Dodging        | |  1.7
Stealth        | |  2.1
Spellcasting   | |  1.7
Summonings     | |  3.6

Action                     |  1- 3 |  4- 6 |  7- 9 | 10-12 || total
---------------------------+-------+-------+-------+-------++-------
  Melee: Unarmed           |   149 |   153 |   339 |   281 ||   922
         Punch             |       |     4 |    19 |    15 ||    38
  Throw: Dart              |       |       |    11 |     6 ||    17
   Cast: Summon Small Mamm |       |    11 |    61 |       ||    72
  Evoke: Wand              |       |       |    13 |     1 ||    14
    Use: Scroll            |     4 |     2 |    13 |     2 ||    21
         Potion            |       |     8 |     6 |       ||    14
   Stab: Sleeping          |     3 |       |       |       ||     3
 Armour: Robe              |    27 |       |       |       ||    27
         Ring mail         |    55 |   114 |   325 |    74 ||   568
         Plate armour      |       |       |       |   227 ||   227
  Dodge: Dodged            |    93 |    77 |   221 |   142 ||   533
